 Dungeon Crawl Stone Soup version 0.30-a0-23-ge60ba3568b (webtiles) character file.

Game seed: 5970140915514757563

232151 jt the Warrior (level 19, -8/99 HPs)
             Began as a Kobold Hedge Wizard on Aug 24, 2022.
             Was a Plaything of Xom.
             Killed from afar by a war gargoyle (19 damage)
             ... with a spray of metal splinters
             ... led by a peacekeeper
             ... on level 2 of the Vaults on Aug 25, 2022.
             The game lasted 03:45:52 (47879 turns).

jt the Warrior (Kobold Hedge Wizard)               Turns: 47879, Time: 03:45:54

Health: -8/99      AC: 18    Str: 10    XL:     19   Next: 81%
Magic:  20/35      EV: 26    Int: 18    God:    Xom [*.....]
Gold:   1709       SH:  0    Dex: 21    Spells: 18/43 levels left

rFire   + + .      SeeInvis +    j - +2 quick blade (flame)
rCold   + . .      Faith    .    (no shield)
rNeg    + + +      Spirit   .    v - +2 robe {rC+ rF+}
rPois   +          Reflect  .    B - +4 hat of Tyliaxem {rF+ rN+ Dex+4}
rElec   +          Harm     .    w - +3 cloak of Broken Taboos {Drain rElec rN++ SInv}
rCorr   .          Rampage  .    x - +2 pair of gloves
Will    ++...                    A - +2 pair of boots
Stlth   ++++......               V - amulet of regeneration
HPRegen 0.00/turn                y - ring of willpower
MPRegen 0.24/turn                O - ring of poison resistance

@: spiked, freezing walls, inhibited regen
A: small, no large weapons, nightstalker 3, deterioration 1, frail 2, inhibited
regeneration
}: 2/15 runes: serpentine, barnacled
a: Renounce Religion


You were on level 2 of the Vaults.
You worshipped Xom.
You were a special plaything of Xom.
You visited 7 branches of the dungeon, and saw 31 of its levels.
You visited the Abyss 1 time.
You also visited: Ossuary, Ice Cave and Volcano.

You collected 4098 gold pieces.
You spent 2389 gold pieces at shops.

Inventory:

Hand Weapons
 j - a +2 quick blade of flaming (weapon)
 q - a +5 spear of flaming
 D - the +11 quarterstaff of Execution {freeze, Fly rN+ rCorr}
   (You found it on level 7 of the Dungeon)

   It freezes those it strikes, dealing additional cold damage.
   It can also slow down cold-blooded creatures.
   rN:        It protects you from negative energy.
   Fly:       It grants you flight.
   rCorr:     It protects you from acid and corrosion.
Missiles
 o - 7 throwing nets
Armour
 e - a +2 kite shield of poison resistance
 v - a +2 robe of resistance (worn)
 w - the +3 cloak of Broken Taboos (worn) {Drain rElec rN++ SInv}
   (You found it on level 3 of the Dungeon)

   rElec:     It insulates you from electricity.
   rN:        It greatly protects you from negative energy.
   SInv:      It lets you see invisible.
   Drain:     It drains your maximum health when unequipped.
 x - a +2 pair of gloves (worn)
 A - a +2 pair of boots (worn)
 B - the +4 hat of Tyliaxem (worn) {rF+ rN+ Dex+4}
   (You acquired it on level 2 of the Orcish Mines)

   Dex:       It affects your dexterity (+4).
   rF:        It protects you from fire.
   rN:        It protects you from negative energy.
 E - the +5 robe of Night {Dark Will+ SInv}
   (You found it on level 11 of the Dungeon)

   It shrouds the wearer in darkness, reducing the range at which they can see
   and be seen by others.
   SInv:      It lets you see invisible.
   Will:      It increases your willpower.
 K - the +1 robe of Words of Power {rElec rPois Slay+3}
   (You found it on level 9 of the Dungeon)

   Slay:      It affects your accuracy & damage with ranged weapons and melee
   (+3).
   rElec:     It insulates you from electricity.
   rPois:     It protects you from poison.
 M - a +0 buckler
Jewellery
 m - a ring of wizardry
 u - a +6 ring of dexterity
 y - a ring of willpower (left hand)
 O - a ring of poison resistance (right hand)
 V - an amulet of regeneration (around neck)
Wands
 p - a wand of polymorph (4)
 r - a wand of flame (46)
 s - a wand of digging (10)
 P - a wand of paralysis (19)
 Y - a wand of acid (1)
Scrolls
 b - 7 scrolls of poison
 f - 3 scrolls of vulnerability
 h - a scroll of silence
 i - 5 scrolls of teleportation
 n - 6 scrolls of fear
 z - 7 scrolls of enchant weapon
 L - 3 scrolls of immolation
 Q - a scroll of summoning
 R - 4 scrolls of identify
 T - 3 scrolls of butterflies
 U - 5 scrolls of magic mapping
 Z - 4 scrolls of blinking
Potions
 a - 12 potions of attraction
 d - 3 potions of magic
 k - 7 potions of mutation
 l - 8 potions of curing
 C - 5 potions of lignification
 F - 2 potions of berserk rage
 G - a potion of invisibility
 H - 4 potions of haste
 I - a potion of ambrosia
 W - 12 potions of might
 X - a potion of cancellation
Miscellaneous
 c - a condenser vane
 t - a box of beasts (inert)
 N - a tin of tremorstones (2/2)


   Skills:
 - Level 15.2 Fighting
 - Level 6.0 Short Blades
 + Level 11.2 Staves
 - Level 1.0 Armour
 - Level 14.4 Dodging
 - Level 4.0 Stealth
 - Level 12.9 Spellcasting
 - Level 12.5 Conjurations
 - Level 1.0 Summonings
 + Level 6.6 Translocations
 + Level 14.0 Ice Magic
 - Level 7.5 Air Magic
 - Level 3.0 Poison Magic
 + Level 11.9 Evocations


You had 18 spell levels left.
You knew the following spells:

 Your Spells              Type           Power      Damage    Failure   Level
a - Passage of Golubria   Tloc           35%        N/A       3%          4
b - Blink                 Tloc           70%        N/A       1%          2
c - Call Imp              Summ           15%        N/A       6%          2
d - Mephitic Cloud        Conj/Pois/Air  39%        N/A       1%          3
e - Freeze                Ice            100%       1d11      1%          1
f - Frozen Ramparts       Ice            100%       1d16      1%          3
g - Freezing Cloud        Conj/Ice/Air   25%        6-21      1%          5
h - Iskenderun's Mystic   Conj/Tloc      46%        2d10      1%          4
i - Apportation           Tloc           70%        N/A       1%          1

Your spell library contained the following spells:

 Spells                   Type           Power      Damage    Failure   Level
 Foxfire                  Conj/Fire      100%       2x1d9     1%          1
 Magic Dart               Conj           100%       1d8       1%          1
 Conjure Flame            Conj/Fire      34%        6-21      1%          3
 Dazzling Flash           Conj/Hex       68%        N/A       1%          3
 Stone Arrow              Conj/Erth      68%        3d11      1%          3
 Hailstorm                Conj/Ice       56%        3d12      1%          4
 Iskenderun's Battlesphe  Conj           54%        2d10      1%          5
 Summon Ice Beast         Ice/Summ       38%        N/A       2%          4
 Summon Small Mammal      Summ           60%        N/A       4%          1
 Flame Wave               Conj/Fire      34%        2d10      4%          4
 Slow                     Hex            44%        N/A       6%          1
 Scorch                   Fire           22%        2d6       9%          2
 Metabolic Englaciation   Hex/Ice        18%        N/A       10%         5
 Call Canine Familiar     Summ           15%        N/A       12%         3
 Fireball                 Conj/Fire      17%        3d9       12%         5
 Summon Guardian Golem    Hex/Summ       13%        N/A       14%         3
 Conjure Ball Lightning   Conj/Air       23%        3x3d6     14%         6
 Ozocubu's Refrigeration  Ice            29%        4d13      16%         7
 Inner Flame              Hex/Fire       11%        N/A       19%         3
 Orb of Destruction       Conj           27%        9d9       28%         7
 Silence                  Hex/Air        12%        N/A       34%         5
 Summon Forest            Summ/Tloc      12%        N/A       34%         5
 Simulacrum               Ice/Necr       18%        N/A       45%         6
 Starburst                Conj/Fire      17%        6d6       56%         6
 Alistair's Intoxication  Tmut/Pois      11%        N/A       65%         5
 Summon Mana Viper        Hex/Summ       13%        N/A       80%         5
 Eringya's Noxious Bog    Tmut/Pois      8%         N/A       99%         6
 Summon Cactus Giant      Summ           7%         N/A       99%         6
 Malign Gateway           Summ/Tloc      12%        N/A       100%        7
 Monstrous Menagerie      Summ           7%         N/A       100%        7
 Summon Hydra             Summ           7%         N/A       100%        7
 Lehudib's Crystal Spear  Conj/Erth      17%        10d5      100%        8
 Chain Lightning          Conj/Air       23%        3d31      100%        9
 Fire Storm               Conj/Fire      17%        8d4       100%        9
 Polar Vortex             Ice            29%        N/A       100%        9


Dungeon Overview and Level Annotations

Branches:
Dungeon (13/15)            Temple (1/1) D:4            Lair (5/5) D:8
 Shoals (4/4) Lair:2        Snake (4/4) Lair:3        Slime (0/5) Lair:5
    Orc (2/2) D:12            Elf (0/3) Orc:2        Vaults (2/5) D:13
Ossuary (visited)           IceCv (visited)         Volcano (visited)
  Crypt: Vaults:2-3

Altars:
Ashenzari
Cheibriados
Dithmenos
Elyvilon
Fedhas
Gozag
Hepliaklqana
Kikubaaqudgha
Makhleb
Nemelex Xobeh
Okawaru
Qazlal
Ru
Sif Muna
Trog
Uskayaw
Vehumet
Wu Jian
Xom
Yredelemnul
Zin
The Shining One
Jiyva

Shops:
D:3 *   D:6 !   Orc:2 *?*?[   Snake:1 ::=:   Snake:2 *   Vaults:1 ?
Vaults:2 *

Annotations:
Shoals:1 1 transporter, Xuirch's ghost, adept MiFi
Snake:1 1 runed translucent door, zkyp's ghost, adept TeAK
Snake:2 Vashnia


Innate Abilities, Weirdness & Mutations

You are small and have problems with some larger weapons.
You are completely attuned to the shadows.
Your body sometimes deteriorates upon taking damage.
You are very frail. (-20% HP)
You do not regenerate when monsters are visible.


Message History

The war gargoyle is moderately damaged.
The peacekeeper is engulfed in freezing vapours.
The wall freezes the peacekeeper but does no damage.
The peacekeeper bites your mature shockfire beast!!
The peacekeeper claws your mature shockfire beast.
Press: ? - help, v - describe, . - travel
Here: a war gargoyle, wielding a +0 great mace (freezing vapour, moderately damaged, strong, catching its breath)
The floor.
Aiming: Corrosive Bolt
Press: ? - help, Shift-Dir - straight line, f - war gargoyle
Aim: a war gargoyle, wielding a +0 great mace (freezing vapour, moderately damaged, strong, catching its breath, 95% to hit)
The bolt of acid hits the war gargoyle!
The acid corrodes the war gargoyle!
The war gargoyle is moderately damaged.
The wall freezes the war gargoyle but does no damage.
The war gargoyle hits you with a +0 great mace!!
The peacekeeper is engulfed in freezing vapours.
The wall freezes the peacekeeper but does no damage.
The peacekeeper bites your mature shockfire beast!
The peacekeeper claws your mature shockfire beast!
Your mature shockfire beast is engulfed in freezing vapours.
Your mature shockfire beast bursts into living lightning!
The living lightning hits the peacekeeper.
The peacekeeper resists.
Your mature shockfire beast blinks!
The war gargoyle resists.
The wall freezes the war gargoyle.
The war gargoyle hits you with a +0 great mace!!!
* * * LOW HITPOINT WARNING * * *
Xom roars with laughter!
You hear a shout!
Okay, then.
Press: ? - help, v - describe, . - travel
Here: a peacekeeper (freezing vapour, heavily damaged)
The floor.
You feel better.
The peacekeeper resists.
The wall freezes the peacekeeper.
The war gargoyle is engulfed in freezing vapours.
The war gargoyle resists.
The wall freezes the war gargoyle.
The war gargoyle launches metal splinters at you.
The spray of metal splinters hits you!!
You die...
Xom chortles!

L....# . .....#
.. ####...#
§○.#####..##..#
§§§9@.........#
§§§9..........#
#+#############


You could see a war gargoyle (strong, catching breath, corroded) and a
peacekeeper.

Vanquished Creatures
  Jorgrun (Shoals:1)
  Polyphemus (Shoals:4)
  A kraken (Shoals:3)
  Agnes (Snake:1)
  3 nagarajas
  Ilsuiw (Shoals:2)
  Aizul (Shoals:2)
  A deep elf sorcerer (Vaults:2)
  An ironbound preserver (Vaults:1)
  A very ugly thing (Abyss:2)
  2 ironbound thunderhulks
  A fire dragon (Lair:5)
  12 merfolk impalers
  A yaktaur captain (Vaults:2)
  A spectral kraken (Shoals:3)
  3 great orbs of eyes
  3 merfolk javelineers
  3 salamander tyrants (Snake:4)
  A catoblepas (Shoals:4)
  3 ironbound frosthearts
  5 hydras
  A boulder beetle (Lair:1)
  7 centaur warriors
  7 two-headed ogres
  2 ghost crabs (Shoals:3)
  9 death yaks
  4 merfolk aquamancers
  9 naga warriors
  8 anacondas
  3 merfolk avatars
  2 satyrs
  3 alligator snapping turtles
  An orc high priest (Orc:2)
  Urug (D:13)
  4 shock serpents
  7 naga sharpshooters
  A thrashing horror (Abyss:2)
  A shadow wraith (Vaults:2)
  4 salamander mystics (Snake:4)
  A swamp dragon (Lair:5)
  A goliath frog (shapeshifter) (D:4)
  4 naga ritualists
  4 deep trolls (Vaults:1)
  5 sea snakes
  8 orc knights
  2 lindwurms (Snake:4)
  3 ironbound convokers
  A kraken simulacrum (Shoals:4)
  2 ugly things
  2 oklob plants (Snake:2)
  10 mana vipers
  13 harpies
  7 deep elf zephyrmancers
  5 orc sorcerers (Orc:2)
  3 deep elf pyromancers (Orc:2)
  12 cyclopes
  8 manticores
  A moth of wrath (Shoals:1)
  9 fauns
  5 water nymphs
  A spectral alligator snapping turtle (Shoals:3)
  17 salamanders
  6 elephants
  6 vault sentinels
  An ice statue (IceCv)
  17 naga magi
  9 guardian serpents
  28 black mambas
  11 merfolk sirens
  A gargoyle (Volcano)
  11 cane toads
  4 rime drakes
  An unseen horror (D:12)
  An efreet (Volcano)
  7 komodo dragons
  A yaktaur (Vaults:2)
  2 ice devils (Orc:1)
  3 burning bushes (Lair:2)
  5 trolls
  41 merfolk
  A hornet (D:11)
  6 wind drakes
  19 blink frogs
  19 polar bears
  5 saltlings (Orc:2)
  4 slime creatures (Vaults:1)
  9 snapping turtles
  4 raiju (Abyss:2)
  A spectral merfolk (Shoals:3)
  2 jumping spiders
  16 dream sheep
  3 wraiths
  An air elemental (Abyss:2)
  2 vampires (D:13)
  2 shadows (D:11)
  14 water elementals
  6 wyverns
  2 spectral wind drakes (Shoals:3)
  58 yaks
  2 fire elementals (Volcano)
  A basilisk (Lair:5)
  4 steam dragons
  A chaos spawn (Abyss:2)
  A large abomination (Abyss:2)
  5 vampire mosquitoes (D:12)
  Edmund (D:4)
  29 nagas
  An acid dragon (Lair:5)
  8 wargs
  12 water moccasins
  29 orc warriors
  15 hell hounds (Lair:5)
  Duvessa (D:4)
  2 swamp drakes (Lair:5)
  2 sky beasts
  An ice beast (D:5)
  5 ogres
  14 black bears
  50 wolves
  3 centaurs
  A phantom (D:6)
  2 kobold brigands
  11 bullfrogs
  A scorpion (D:7)
  2 small abominations (Abyss:2)
  8 wights
  Dowan (D:4)
  6 killer bees (D:9)
  A howler monkey (D:9)
  20 orc priests
  5 jellies
  A gnoll bouda (D:7)
  2 hounds
  Jessica (D:3)
  3 iguanas (Lair:5)
  30 orc wizards
  7 hell rats (Lair:5)
  8 mummies (Ossuary)
  6 adders
  13 gnolls
  2 shadow imps
  4 white imps
  An ufetubus (D:7)
  2 worms
  4 dart slugs
  117 orcs
  5 ball pythons
  9 endoplasms
  2 giant cockroaches (D:1)
  13 goblins
  7 hobgoblins
  3 quokkas
  8 bats
  5 frilled lizards
  2 gnoll zombies (Ossuary)
  2 hobgoblin zombies (Ossuary)
  17 kobolds
  2 kobold zombies (Ossuary)
  An orc zombie (Ossuary)
  4 rats
  A bush (D:4)
  7 pillars of salt (Orc:2)
  4 tentacles (Shoals:3)
1112 creatures vanquished.

Vanquished Creatures (collateral kills)
  A hydra (Lair:3)
  A naga sharpshooter (Snake:4)
  2 deep trolls (Vaults:1)
  A lindwurm (Lair:3)
  An orc sorcerer (Orc:1)
  A cyclops (Orc:2)
  A salamander (Snake:4)
  A naga mage (Snake:4)
  2 black mambas (Snake:4)
  A komodo dragon (Lair:3)
  2 saltlings (Orc:2)
  A blink frog (Lair:1)
  A warg (Orc:2)
  3 nagas (Snake:4)
  An orc warrior (D:7)
  An ogre (Orc:2)
  An orc wizard (Orc:2)
  A worm (D:2)
  3 orcs
  A kobold (D:10)
  A kobold zombie (Ossuary)
28 creatures vanquished.

Vanquished Creatures (others)
  2 dancing weapons
  A polar bear (IceCv)
  A wolf (IceCv)
  An orc (Orc:2)
  A bush (Lair:3)
  25 fungi
  2 pillars of salt (Orc:2)
  180 plants
  6 tentacles (Shoals:3)
  12 withered plants (Shoals:3)
231 creatures vanquished.

Grand Total: 1371 creatures vanquished

Notes
Turn   | Place    | Note
-------+----------+-------------------------------------------
     0 | D:1      | jt the Kobold Hedge Wizard began the quest for the Orb.
     0 | D:1      | Reached XP level 1. HP: 10/10 MP: 4/4
   330 | D:1      | Reached XP level 2. HP: 15/15 MP: 1/6
   902 | D:1      | Reached XP level 3. HP: 18/19 MP: 5/8
  1542 | D:2      | Learned a level 2 spell: Blink
  1545 | D:2      | Learned a level 2 spell: Call Imp
  1549 | D:2      | Learned a level 3 spell: Mephitic Cloud
  2015 | D:2      | Reached XP level 4. HP: 16/24 MP: 5/9
  2598 | D:2      | Found a faded altar of an unknown god.
  2604 | D:2      | Prayed at the altar of an unknown god.
  2604 | D:2      | Became a worshipper of Xom of Chaos
  2684 | D:2      | XOM: divination: detect items
  2930 | D:3      | Reached XP level 5. HP: 24/28 MP: 6/11
  3067 | D:3      | Found Kujy's Assorted Antiques.
  3071 | D:3      | Bought a scroll labelled GOSTRI LIMUPPEU for 21 gold pieces
  3071 | D:3      | Bought a scroll labelled ACAPRU VUYPSAF for 21 gold pieces
  3071 | D:3      | Bought an embroidered robe for 77 gold pieces
  3260 | D:3      | Noticed Jessica
  3270 | D:3      | Killed Jessica
  3417 | D:3      | Identified the +3 cloak of Broken Taboos {Drain rElec rN++
                  | SInv}
  3464 | D:3      | Reached skill level 1 in Poison Magic
  3469 | D:3      | Reached skill level 1 in Air Magic
  3592 | D:3      | XOM: divination: detect creatures
  3627 | D:3      | XOM: potion effect (invisibility)
  3640 | D:3      | Reached XP level 6. HP: 32/32 MP: 12/12
  4036 | D:3      | XOM: summons 1 hostile demon
  4052 | D:3      | XOM: god gift: 21 gold pieces
  4198 | D:3      | XOM: stat loss: -1 Int (16/17)
  4213 | D:3      | XOM: give mutation
  4213 | D:3      | Gained mutation: You are robust. (+10% HP) [Xom's grace]
  4235 | D:3      | XOM: 7-stop teleportation journey
  4301 | D:3      | XOM: noise
  4713 | D:4      | Found a staircase to the Ecumenical Temple.
  4724 | D:4      | Noticed Edmund
  4737 | D:4      | XOM: divination: magic mapping
  4752 | D:4      | Noticed a glowing shapeshifter
  4752 | D:4      | an orc changed into a glowing shapeshifter
  4752 | D:4      | XOM: polymorph orc -> glowing shapeshifter
  4752 | D:4      | Noticed a merfolk
  4752 | D:4      | a glowing shapeshifter changed into a merfolk
  4755 | D:4      | Noticed a dream sheep
  4755 | D:4      | a merfolk changed into a dream sheep
  4759 | D:4      | Noticed a swamp dragon
  4759 | D:4      | a dream sheep changed into a swamp dragon
  4761 | D:4      | Noticed a jorogumo
  4761 | D:4      | a swamp dragon changed into a jorogumo
  4762 | D:4      | Killed Edmund
  4762 | D:4      | Noticed a slime creature
  4762 | D:4      | a jorogumo changed into a slime creature
  4763 | D:4      | Reached XP level 7. HP: 39/39 MP: 6/14
  4764 | D:4      | Noticed a fire dragon
  4764 | D:4      | a slime creature changed into a fire dragon
  4823 | D:4      | XOM: stat loss: -1 Dex (13/14)
  4847 | D:5      | Entered Level 5 of the Dungeon
  4936 | D:5      | Found a sand-covered staircase.
  4943 | Ossuary  | Entered an ossuary
  4975 | Ossuary  | XOM: butterfly on damage
  4977 | Ossuary  | XOM: 1-stop teleportation journey
  5065 | Ossuary  | XOM: silly message
  5148 | Ossuary  | Reached skill level 1 in Armour
  5157 | Ossuary  | XOM: potion effect (berserk rage)
  5218 | Ossuary  | XOM: silly message
  5367 | Ossuary  | Learned a level 1 spell: Freeze
  5369 | Ossuary  | XOM: potion effect (invisibility)
  5371 | Ossuary  | Learned a level 3 spell: Frozen Ramparts
  5664 | D:5      | Reached skill level 1 in Short Blades
  5870 | D:5      | Reached skill level 1 in Fighting
  6057 | D:5      | XOM: divination: magic mapping
  6575 | D:6      | Reached XP level 8. HP: 46/47 MP: 15/15
  6595 | D:6      | Reached skill level 5 in Spellcasting
  6665 | D:6      | XOM: fog
  6730 | D:6      | XOM: summons friendly white imp
  6784 | D:6      | XOM: enchant monster (bad)
  6885 | D:6      | Reached skill level 2 in Fighting
  7212 | D:6      | XOM: give mutations
  7212 | D:6      | Gained mutation: You passively dampen the noise of your
                  | surroundings. [Xom's grace]
  7212 | D:6      | Gained mutation: You are partially covered in iridescent
                  | scales. (AC +2) [Xom's grace]
  7300 | D:6      | XOM: 1-stop teleportation journey
  7324 | D:6      | Found Poyxih's Distillery.
  7432 | D:6      | Found a shimmering altar of Xom.
  7432 | D:6      | Found a shadowy altar of Dithmenos.
  7619 | D:7      | XOM: summons friendly crimson imp
  7626 | D:7      | Reached skill level 3 in Fighting
  7626 | D:7      | Reached XP level 9. HP: 55/55 MP: 14/17
  7810 | D:7      | Reached skill level 1 in Ice Magic
  7844 | D:7      | Identified the +11 quarterstaff of Execution {freeze, Fly
                  | rN+ rCorr}
  7866 | D:7      | Reached skill level 5 in Conjurations
  7954 | D:7      | XOM: god gift: 56 gold pieces
  8162 | D:7      | Reached skill level 5 in Translocations
  8230 | D:6      | Bought 2 potions of curing for 84 gold pieces
  8230 | D:6      | Bought a potion of lignification for 42 gold pieces
  8230 | D:6      | Bought a potion of berserk rage for 70 gold pieces
  8849 | D:7      | XOM: give mutations
  8849 | D:7      | Gained mutation: You are mostly covered in iridescent
                  | scales. (AC +4) [Xom's grace]
  8849 | D:7      | Gained mutation: You are somewhat resistant to further
                  | mutation. [Xom's grace]
  9020 | D:8      | XOM: 2-stop teleportation journey
  9129 | D:8      | Reached skill level 4 in Fighting
  9225 | D:9      | Found an iron altar of Okawaru.
  9269 | D:9      | XOM: chaos cloud
  9813 | D:9      | Identified the +1 robe of Words of Power {rElec rPois
                  | Slay+3}
 10087 | D:9      | XOM: fog
 10128 | D:9      | XOM: fog
 10136 | D:9      | Reached XP level 10. HP: 47/63 MP: 15/19
 10383 | D:9      | Reached skill level 5 in Fighting
 10505 | D:9      | XOM: blink monster(s)
 10513 | D:9      | XOM: god gift: 10 gold pieces
 10527 | D:10     | Entered Level 10 of the Dungeon
 10598 | D:10     | Noticed a komodo dragon
 10604 | D:10     | XOM: noise
 10606 | D:10     | Killed a komodo dragon
 10805 | D:10     | Reached skill level 1 in Evocations
 10927 | D:10     | Found a white marble altar of Elyvilon.
 10927 | D:10     | Found a bloodstained altar of Trog.
 10936 | D:10     | XOM: confusion (+ monsters)
 10950 | D:10     | XOM: polymorph yak -> polar bear
 10970 | D:10     | Reached skill level 6 in Fighting
 11388 | D:10     | XOM: 8-stop teleportation journey
 11529 | D:10     | Found a shimmering blue altar of Sif Muna.
 12091 | D:8      | Found a staircase to the Lair.
 12106 | Lair:1   | Entered Level 1 of the Lair of Beasts
 12136 | Lair:1   | XOM: cast spell 'Summon Mana Viper'
 12173 | Lair:1   | Reached XP level 11. HP: 60/72 MP: 22/22
 12241 | Lair:1   | Reached skill level 5 in Ice Magic
 12583 | Lair:1   | XOM: 1-stop teleportation journey
 12722 | Lair:1   | Reached skill level 7 in Fighting
 12838 | Lair:1   | Noticed a boulder beetle
 12853 | Lair:1   | XOM: cleaving
 12857 | Lair:1   | Killed a boulder beetle
 12858 | Lair:1   | Reached skill level 5 in Evocations
 13100 | Lair:1   | XOM: summons 4 friendly demons
 13335 | Lair:1   | XOM: summons 3 hostile demons
 13344 | Lair:1   | XOM: polymorph wolf -> ogre
 13421 | Lair:1   | XOM: give mutation
 13421 | Lair:1   | Lost mutation: You are somewhat resistant to further
                  | mutation. [Xom's mischief]
 13911 | Lair:1   | Reached skill level 8 in Fighting
 14100 | Lair:2   | Reached XP level 12. HP: 78/80 MP: 25/25
 14308 | Lair:2   | XOM: give mutations
 14308 | Lair:2   | Gained mutation: Your mind is acute. (Int +4, Str/Dex -1)
                  | [Xom's mischief]
 14308 | Lair:2   | Lost mutation: You passively dampen the noise of your
                  | surroundings. [Xom's mischief]
 14308 | Lair:2   | Gained mutation: Armour fits poorly on your strangely
                  | shaped body. [Xom's mischief]
 14360 | Lair:2   | XOM: enchant monster (good)
 14364 | Lair:2   | XOM: summons friendly shadow imp
 14475 | Lair:2   | XOM: give mutations
 14475 | Lair:2   | Gained mutation: You are strong-willed. (Will+) [Xom's
                  | grace]
 14475 | Lair:2   | Gained mutation: You have sharp toenails. [Xom's grace]
 14475 | Lair:2   | Gained mutation: You passively map a small area around you.
                  | [Xom's grace]
 14475 | Lair:2   | Gained mutation: You are highly strong-willed. (Will++)
                  | [Xom's grace]
 14644 | Lair:2   | Noticed a four-headed hydra
 14729 | Lair:2   | XOM: cast spell 'Statue Form'
 14732 | Lair:2   | XOM: enchant monster (good)
 14937 | Lair:2   | Found a staircase to the Shoals.
 14956 | Lair:2   | XOM: silly message
 14957 | Lair:2   | Reached skill level 9 in Fighting
 14958 | Lair:2   | XOM: polymorph yak -> blink frog
 15006 | Lair:2   | XOM: god gift: book of Party Tricks
 15266 | Lair:2   | Got the Disquisition on Attendants and Confrontation
 15288 | Lair:2   | XOM: give mutation
 15288 | Lair:2   | Gained mutation: You have a pair of small antennae on your
                  | head. [Xom's grace]
 15505 | Lair:3   | XOM: 1-stop teleportation journey
 15526 | Lair:3   | Reached skill level 5 in Dodging
 15530 | Lair:3   | XOM: stat loss: -1 Int (20/21)
 15594 | Lair:3   | Reached skill level 1 in Staves
 15704 | Lair:3   | Noticed a five-headed hydra
 15789 | Lair:3   | Found a staircase to the Snake Pit.
 15796 | Lair:3   | XOM: noise
 15807 | Lair:3   | XOM: scenery: summon butterflies
 15890 | Lair:3   | XOM: confusion
 16005 | Lair:3   | Killed a five-headed hydra
 16006 | Lair:3   | Reached skill level 10 in Spellcasting
 16137 | Lair:3   | Reached XP level 13. HP: 88/88 MP: 24/27
 16267 | Lair:3   | XOM: 1-stop teleportation journey
 16269 | Abyss:2  | Cast into level 2 of the Abyss (Xom)
 16434 | Abyss:2  | XOM: polymorph raiju -> jumping spider
 16438 | Abyss:2  | XOM: smoke on damage
 16441 | Abyss:2  | XOM: destruction
 16466 | Abyss:2  | Noticed a brown very ugly thing
 16468 | Abyss:2  | XOM: cast spell 'Leda's Liquefaction'
 16477 | Abyss:2  | Killed a brown very ugly thing
 16582 | Abyss:2  | Paralysed by an air elemental for 1 turns
 16583 | Abyss:2  | XOM: potion effect (heal wounds)
 16589 | Abyss:2  | Paralysed by an air elemental for 1 turns
 16604 | Abyss:2  | XOM: divination: detect creatures
 16643 | Abyss:2  | Noticed a rakshasa
 16646 | Abyss:2  | Found a corrupted altar of Lugonu.
 16647 | Abyss:2  | XOM: cast spell 'Cause Fear'
 16651 | Abyss:2  | Found a corrupted altar of Lugonu.
 16680 | Abyss:2  | Noticed a bone dragon
 16708 | Abyss:2  | Noticed a starcursed mass
 16710 | Abyss:2  | XOM: cast spell 'Summon Ice Beast'
 16719 | Lair:3   | Escaped the Abyss
 16730 | Lair:3   | Reached skill level 10 in Fighting
 16730 | Lair:3   | XOM: divination: detect creatures
 16732 | Lair:3   | XOM: scenery: create altars
 16741 | Lair:3   | Reached skill level 10 in Conjurations
 16919 | Lair:3   | XOM: summons friendly ufetubus
 17064 | Lair:3   | XOM: fake destruction
 17066 | Lair:3   | XOM: 2-stop teleportation journey
 17073 | Lair:3   | XOM: scenery: create altars
 17676 | Lair:4   | Found a dark tunnel.
 17691 | Volcano  | Entered a volcano
 17992 | Lair:4   | XOM: divination: detect items
 18080 | Lair:4   | XOM: cloud trail
 18294 | Lair:4   | Reached XP level 14. HP: 96/96 MP: 19/28
 18421 | Lair:4   | XOM: scenery: create altars
 18491 | Lair:3   | Learned a level 5 spell: Freezing Cloud
 18598 | Lair:4   | XOM: silly message
 18649 | Lair:4   | XOM: silly message
 18758 | Lair:5   | Entered Level 5 of the Lair of Beasts
 18943 | Lair:5   | XOM: silly message
 19014 | Lair:5   | XOM: cleaving
 19036 | Lair:5   | XOM: god gift: scroll labelled XEIG SAFREIFOU {god gift}
 19136 | Lair:5   | XOM: god gift: staff of air
 19201 | Lair:5   | XOM: 5-stop teleportation journey
 19398 | Lair:5   | Found a staircase to the Slime Pits.
 19399 | Lair:5   | Found a viscous altar of Jiyva.
 19620 | Lair:5   | XOM: give mutation
 19620 | Lair:5   | Gained mutation: Your flesh is cold resistant. (rC+) [Xom's
                  | grace]
 19690 | Lair:5   | XOM: fog
 19838 | Lair:5   | XOM: give mutation
 19838 | Lair:5   | Gained mutation: You possess an exceptional clarity of
                  | mind. [Xom's mischief]
 19989 | Lair:5   | Reached skill level 11 in Fighting
 20132 | Lair:5   | Reached skill level 5 in Staves
 20364 | Lair:5   | XOM: 2-stop teleportation journey
 20506 | Lair:5   | XOM: summons 8 hostile demons
 20932 | D:8      | XOM: 9-stop teleportation journey
 21053 | D:8      | Found a radiant altar of Vehumet.
 21498 | D:8      | XOM: give mutations
 21498 | D:8      | Lost mutation: You have sharp toenails. [Xom's mischief]
 21498 | D:8      | Lost mutation: Armour fits poorly on your strangely shaped
                  | body. [Xom's mischief]
 21498 | D:8      | Gained mutation: Armour fits poorly on your strangely
                  | shaped body. [Xom's mischief]
 21498 | D:8      | Lost mutation: You are highly strong-willed. (Will++)
                  | [Xom's mischief]
 21525 | D:8      | XOM: silly message
 21654 | D:4      | XOM: god gift: 29 gold pieces
 21716 | D:4      | Noticed Duvessa
 21722 | D:4      | Noticed Dowan
 21726 | D:4      | Killed Duvessa
 21729 | D:4      | Killed Dowan
 21784 | D:4      | XOM: 2-stop teleportation journey
 21796 | D:4      | XOM: noise
 22083 | Temple   | XOM: noise
 22083 | Temple   | Entered the Ecumenical Temple
 22086 | Temple   | Found a transporter.
 22086 | Temple   | Found a transporter.
 22088 | Temple   | Found a transporter.
 22088 | Temple   | Found a transporter.
 22289 | D:4      | XOM: silly message
 22356 | D:4      | XOM: noise
 22942 | D:11     | XOM: god gift: 35 gold pieces
 23217 | D:11     | XOM: silly message
 23240 | D:11     | Found the +5 robe of Night {Dark Will+ SInv}
 23330 | D:11     | XOM: potion effect (might)
 23334 | D:11     | XOM: silly message
 23442 | D:11     | Reached skill level 10 in Ice Magic
 23534 | D:11     | Reached XP level 15. HP: 61/104 MP: 22/30
 23600 | D:11     | XOM: silly message
 23612 | D:11     | Reached skill level 5 in Air Magic
 23762 | D:11     | Learned a level 4 spell: Iskenderun's Mystic Blast
 23890 | D:12     | XOM: cast spell 'Summon Small Mammal'
 23953 | D:12     | XOM: fog
 23958 | D:12     | Found a staircase to the Orcish Mines.
 24054 | D:12     | XOM: 3-stop teleportation journey
 24087 | D:12     | XOM: 8-stop teleportation journey
 24486 | D:12     | XOM: god gift: club {god gift}
 24627 | D:12     | XOM: cloud trail
 24788 | Orc:1    | Entered Level 1 of the Orcish Mines
 24805 | Orc:1    | XOM: cast spell 'Olgreb's Toxic Radiance'
 24808 | Orc:1    | XOM: summons 3 friendly demons
 24870 | Orc:1    | XOM: 3-stop teleportation journey
 24947 | Orc:1    | Found a frozen archway.
 24965 | IceCv    | Entered an ice cave
 25061 | IceCv    | XOM: scenery: summon butterflies
 25124 | IceCv    | Identified the +10 battleaxe of Napsu {vamp, rN+++ Str-2
                  | Dex-3 Stlth+}
 25171 | IceCv    | XOM: scenery: summon butterflies
 25349 | IceCv    | Identified the +10 great sword of Megrup {flame, Fragile
                  | rN+++ rCorr Str+2}
 25477 | IceCv    | XOM: summons 5 friendly demons
 25551 | IceCv    | XOM: smoke on damage
 25598 | IceCv    | XOM: divine lightning
 25600 | IceCv    | XOM: fake destruction
 25604 | IceCv    | XOM: destruction
 25611 | IceCv    | XOM: enchant monster (good)
 25631 | IceCv    | XOM: destruction
 25635 | IceCv    | Reached skill level 10 in Dodging
 26283 | Orc:2    | Entered Level 2 of the Orcish Mines
 26290 | Orc:2    | XOM: divination: detect creatures
 26301 | Orc:2    | XOM: smoke on damage
 26313 | Orc:2    | Reached skill level 12 in Fighting
 26313 | Orc:2    | XOM: silly message
 26325 | Orc:2    | XOM: divination: magic mapping
 26337 | Orc:2    | XOM: potion effect (invisibility)
 26368 | Orc:2    | Reached skill level 5 in Short Blades
 26459 | Orc:1    | XOM: silly message
 26524 | Orc:2    | XOM: divination: detect creatures
 26904 | Orc:2    | XOM: noise
 26924 | Orc:2    | XOM: polymorph troll -> black bear
 26952 | Orc:2    | XOM: summons friendly chaos spawn
 26972 | Orc:2    | XOM: give mutations
 26972 | Orc:2    | Gained mutation: Your movements are slightly less
                  | encumbered by armour. (ER -2) [Xom's grace]
 26972 | Orc:2    | Gained mutation: Your natural rate of healing is unusually
                  | fast. [Xom's grace]
 26972 | Orc:2    | Gained mutation: Your flesh is very cold resistant. (rC++)
                  | [Xom's grace]
 27028 | Orc:2    | Found Loporootz's Assorted Antiques.
 27040 | Orc:2    | Bought a scroll labelled JIENORUCS KUQIOTHRY for 26 gold
                  | pieces
 27109 | Orc:2    | XOM: polymorph orc knight -> jumping spider
 27165 | Orc:2    | Found a staircase to the Elven Halls.
 27315 | Orc:2    | XOM: god gift: wand of iceblast (6)
 27384 | Orc:2    | XOM: scenery: 2 doors close
 27387 | Orc:2    | Reached XP level 16. HP: 111/111 MP: 19/32
 27484 | Orc:2    | Found Nohop's Antique Armour Shoppe.
 27552 | Orc:2    | XOM: potion effect (invisibility)
 27554 | Orc:2    | Paralysed by an orc sorcerer for 5 turns
 27558 | Orc:2    | XOM: summons 7 friendly demons
 27577 | Orc:2    | XOM: scenery: summon butterflies
 27773 | Orc:2    | XOM: god gift: 2 atropa-tipped darts
 27776 | Orc:2    | Found Lorist's Magic Scroll Shoppe.
 27776 | Orc:2    | Found Wabrirch's Assorted Antiques.
 27781 | Orc:2    | Bought a potion of heal wounds for 125 gold pieces
 27791 | Orc:2    | XOM: 6-stop teleportation journey
 27806 | Orc:2    | XOM: 5-stop teleportation journey
 27810 | Orc:2    | XOM: give mutations
 27810 | Orc:2    | Lost mutation: Your mind is acute. (Int +4, Str/Dex -1)
                  | [Xom's mischief]
 27810 | Orc:2    | Lost mutation: You possess an exceptional clarity of mind.
                  | [Xom's mischief]
 27810 | Orc:2    | Gained mutation: You passively map the area around you.
                  | [Xom's mischief]
 27810 | Orc:2    | Lost mutation: Your flesh is very cold resistant. (rC++)
                  | [Xom's mischief]
 27817 | Orc:2    | Found Lubleb's Magic Scroll Shop.
 27822 | Orc:2    | Bought a scroll of blinking for 127 gold pieces
 28274 | Orc:2    | XOM: give mutation
 28274 | Orc:2    | Gained mutation: Your body sometimes deteriorates upon
                  | taking damage. [Xom's mischief]
 28303 | Orc:2    | Bought a scroll of acquirement for 624 gold pieces
 28304 | Orc:2    | Acquired the +4 hat of Tyliaxem {rF+ rN+ Dex+4}
 28371 | Orc:2    | Bought a condenser vane for 1040 gold pieces
 28691 | Snake:1  | Entered Level 1 of the Snake Pit
 28796 | Snake:1  | XOM: 1-stop teleportation journey
 28933 | Snake:1  | Found a basalt altar of Yredelemnul.
 29273 | Snake:1  | Found Icyong's Book Shoppe.
 29325 | Snake:1  | Found Hywuass's Book Boutique.
 29325 | Snake:1  | Found Qaaf's Book Boutique.
 29326 | Snake:1  | Found Demi's Jewellery Shoppe.
 29437 | Snake:1  | Found a runed translucent door.
 29439 | Snake:1  | Noticed zkyp's ghost (adept TeAK)
 29563 | Snake:1  | Identified the +4 ring mail "Vomets" {rC- Will- rCorr
                  | Int+5}
 29607 | Snake:1  | Noticed Agnes
 29610 | Snake:1  | XOM: enchant monster (good)
 29618 | Snake:1  | Killed Agnes
 29659 | Snake:1  | XOM: summons 3 hostile demons
 29808 | Snake:1  | XOM: silly message
 29958 | Snake:1  | XOM: confusion
 30248 | Snake:1  | XOM: stat loss: -1 Int (17/18)
 30506 | Snake:2  | Noticed Vashnia
 30509 | Snake:2  | XOM: smoke on damage
 30524 | Snake:2  | XOM: summons 4 hostile demons
 30722 | Snake:2  | XOM is BORED!
 30904 | Snake:2  | Noticed a nagaraja
 30904 | Snake:2  | XOM: god gift: scroll of blinking
 30911 | Snake:2  | XOM: silly message
 30916 | Snake:2  | Killed a nagaraja
 30939 | Snake:2  | XOM: fake destruction
 31072 | Snake:2  | Found Kiteus's CLEARANCE SALE!.
 31087 | Snake:2  | Bought 2 scrolls of teleportation for 36 gold pieces
 31087 | Snake:2  | Bought 2 potions of might for 48 gold pieces
 31218 | Snake:3  | Noticed a nagaraja
 31228 | Snake:3  | Killed a nagaraja
 31449 | Snake:3  | XOM: summons 9 hostile demons
 31549 | Snake:3  | XOM: silly message
 31553 | Snake:3  | XOM: 3-stop teleportation journey
 31639 | Snake:3  | XOM: 3-stop teleportation journey
 31686 | Snake:3  | XOM: 2-stop teleportation journey
 31773 | Snake:3  | XOM: swap monsters
 31785 | Snake:3  | XOM: scenery: summon butterflies
 32225 | Snake:4  | Entered Level 4 of the Snake Pit
 32230 | Snake:4  | XOM: polymorph naga warrior -> faun
 32338 | Snake:3  | XOM: summons 9 hostile demons
 32601 | Snake:4  | Reached XP level 17. HP: 118/118 MP: 2/33
 32684 | Snake:3  | XOM: scenery: create altars
 32690 | Snake:3  | XOM: god gift: book of the Spheres
 32733 | Snake:3  | XOM: summons 3 hostile demons
 32739 | Snake:4  | XOM: blink monster(s)
 32877 | Snake:4  | XOM: scenery: summon butterflies
 32881 | Snake:4  | XOM: cleaving
 32886 | Snake:4  | Reached skill level 13 in Fighting
 33115 | Snake:4  | XOM: cleaving
 33200 | Snake:4  | XOM: god gift: Dogif's Cyclopedia of the Lethal Blizzard
                  | {god gift}
 33201 | Snake:4  | Got Dogif's Cyclopedia of the Lethal Blizzard {god gift}
 33403 | Snake:4  | XOM: cleaving
 33533 | Snake:4  | XOM: scenery: 1 doors close
 33657 | Snake:4  | XOM: blink monster(s)
 34149 | Snake:4  | XOM: summons 9 hostile demons
 34219 | Snake:4  | XOM: torment (79/119 hp)
 34285 | Snake:3  | XOM: give mutations
 34285 | Snake:3  | Lost mutation: Your natural rate of healing is unusually
                  | fast. [Xom's mischief]
 34285 | Snake:3  | Gained mutation: You are clumsy. (Dex -2) [Xom's mischief]
 34285 | Snake:3  | Lost mutation: Your movements are slightly less encumbered
                  | by armour. (ER -2) [Xom's mischief]
 34288 | Snake:3  | XOM: stat loss: -1 Dex (18/19)
 34601 | Snake:4  | XOM: give mutations
 34601 | Snake:4  | Lost mutation: You are mostly covered in iridescent scales.
                  | (AC +4) [Xom's mischief]
 34601 | Snake:4  | Lost mutation: Your flesh is cold resistant. (rC+) [Xom's
                  | mischief]
 34601 | Snake:4  | Lost mutation: Armour fits poorly on your strangely shaped
                  | body. [Xom's mischief]
 35180 | Snake:4  | XOM: give mutations
 35180 | Snake:4  | Lost mutation: You are strong-willed. (Will+) [Xom's
                  | mischief]
 35180 | Snake:4  | Lost mutation: You are robust. (+10% HP) [Xom's mischief]
 35180 | Snake:4  | Lost mutation: You passively map the area around you.
                  | [Xom's mischief]
 35323 | Snake:4  | XOM: scenery: 1 doors close
 35486 | Snake:4  | XOM: summons 9 hostile demons
 35727 | Snake:4  | Got a serpentine rune of Zot
 36209 | Snake:2  | XOM: cast spell 'Summon Hydra'
 36230 | Snake:2  | XOM: noise
 36232 | Snake:2  | XOM: swap monsters
 36391 | Snake:2  | Noticed Vashnia
 36391 | Snake:2  | Vashnia changed into Vashnia the iron dragon
 36391 | Snake:2  | XOM: polymorph Vashnia -> Vashnia the iron dragon
 36395 | Snake:2  | XOM: smoke on damage
 36734 | Shoals:1 | Entered Level 1 of the Shoals
 36802 | Lair:2   | XOM: summons 1 hostile shadow creature
 36829 | Shoals:1 | Found a transporter.
 36944 | Shoals:1 | Found a transporter.
 36961 | Shoals:1 | Noticed Xuirch's ghost (adept MiFi)
 36962 | Shoals:1 | Reached XP level 18. HP: 116/116 MP: 29/34
 37004 | Shoals:1 | Reached skill level 14 in Fighting
 37091 | Shoals:1 | XOM: give mutations
 37091 | Shoals:1 | Lost mutation: Your body sometimes deteriorates upon taking
                  | damage. [Xom's mischief]
 37091 | Shoals:1 | Lost mutation: You are clumsy. (Dex -2) [Xom's mischief]
 37322 | Shoals:2 | Noticed Aizul
 37335 | Shoals:2 | XOM is BORED!
 37335 | Shoals:2 | XOM: noise
 37337 | Shoals:2 | Killed Aizul
 37844 | Shoals:3 | XOM: summons 1 hostile shadow creature
 38006 | Shoals:3 | XOM: stat loss: -1 Dex (20/21)
 38142 | Shoals:3 | Noticed a kraken
 38142 | Shoals:3 | XOM: 1-stop teleportation journey
 38236 | Shoals:3 | Killed a kraken
 38339 | Shoals:3 | XOM: summons 3 hostile demons
 38359 | Shoals:3 | Identified the +9 glaive of the Fool {vamp, Fly Will+
                  | Str+3}
 38522 | Shoals:4 | Entered Level 4 of the Shoals
 38571 | Shoals:4 | XOM: divination: detect items
 38677 | Shoals:4 | XOM is BORED!
 38677 | Shoals:4 | XOM: 2-stop teleportation journey
 38782 | Shoals:4 | XOM: silly message
 38974 | Shoals:4 | XOM: divination: detect items
 39044 | Shoals:4 | XOM is BORED!
 39044 | Shoals:4 | XOM: noise
 39052 | Shoals:4 | XOM: potion effect (invisibility)
 39163 | Shoals:4 | XOM: torment (78/117 hp)
 39471 | Shoals:4 | XOM: silly message
 39595 | Shoals:4 | XOM: torment (78/117 hp)
 39622 | Shoals:4 | XOM: give mutations
 39622 | Shoals:4 | Lost mutation: You are partially covered in iridescent
                  | scales. (AC +2) [Xom's mischief]
 39622 | Shoals:4 | Lost mutation: You have a pair of small antennae on your
                  | head. [Xom's mischief]
 39622 | Shoals:4 | Gained mutation: You are clumsy. (Dex -2) [Xom's mischief]
 39638 | Shoals:4 | XOM: give mutations
 39638 | Shoals:4 | Gained mutation: Your magical capacity is low. (-10% MP)
                  | [Xom's mischief]
 39638 | Shoals:4 | Gained mutation: You occasionally lose the ability to drink
                  | potions when taking damage. [Xom's mischief]
 39739 | Shoals:4 | XOM: noise
 39925 | Shoals:4 | XOM: 1-stop teleportation journey
 40029 | Shoals:3 | XOM is BORED!
 40029 | Shoals:3 | XOM: torment (78/117 hp)
 40176 | Shoals:4 | XOM: 3-stop teleportation journey
 40211 | Shoals:4 | Reached skill level 10 in Staves
 40237 | Shoals:4 | Reached skill level 10 in Evocations
 40766 | Shoals:4 | Noticed Polyphemus
 40766 | Shoals:4 | XOM: 4-stop teleportation journey
 40783 | Shoals:4 | Killed Polyphemus
 40921 | Shoals:4 | XOM: give mutation
 40921 | Shoals:4 | Gained mutation: Your spells are a little harder to cast,
                  | but a little more powerful. [Xom's grace]
 41005 | Shoals:4 | XOM: confuse monster(s)
 41274 | Shoals:4 | Reached XP level 19. HP: 121/123 MP: 22/32
 41392 | Shoals:4 | XOM: cast spell 'Summon Small Mammal'
 41461 | Shoals:4 | Got a barnacled rune of Zot
 42003 | Shoals:3 | Reached skill level 15 in Fighting
 42113 | Shoals:3 | XOM: god gift: potion of curing
 42198 | Shoals:3 | XOM: scenery: summon butterflies
 42733 | Shoals:2 | XOM: cleaving
 42742 | Shoals:2 | XOM: fake destruction
 43008 | Shoals:2 | Noticed Ilsuiw
 43012 | Shoals:2 | XOM: cleaving
 43018 | Shoals:2 | Killed Ilsuiw
 43379 | Shoals:2 | XOM: polymorph crimson imp -> white imp
 43612 | Shoals:1 | XOM: 2-stop teleportation journey
 43764 | Shoals:1 | XOM: god gift: wand of acid (5)
 44016 | Shoals:1 | Noticed Jorgrun
 44016 | Shoals:1 | XOM: divination: magic mapping
 44146 | Shoals:1 | XOM: divination: magic mapping
 44626 | Shoals:1 | XOM: summons 10 hostile demons
 44732 | Shoals:1 | XOM: give mutations
 44732 | Shoals:1 | Gained mutation: You are frail. (-10% HP) [Xom's mischief]
 44732 | Shoals:1 | Lost mutation: Your magical capacity is low. (-10% MP)
                  | [Xom's mischief]
 44732 | Shoals:1 | Gained mutation: You are very frail. (-20% HP) [Xom's
                  | mischief]
 44732 | Shoals:1 | Gained mutation: You are very clumsy. (Dex -4) [Xom's
                  | mischief]
 44807 | Shoals:1 | XOM: give mutations
 44807 | Shoals:1 | Gained mutation: Your body sometimes deteriorates upon
                  | taking damage. [Xom's mischief]
 44807 | Shoals:1 | Lost mutation: Your body sometimes deteriorates upon taking
                  | damage. [Xom's mischief]
 44942 | Shoals:1 | Killed Jorgrun
 45089 | Shoals:1 | XOM is BORED!
 45089 | Shoals:1 | XOM: give mutation
 45089 | Shoals:1 | Gained mutation: You do not regenerate when monsters are
                  | visible. [Xom's mischief]
 45104 | Shoals:1 | Identified the amulet of Zoocawegil {Faith Rampage rPois
                  | rCorr Slay+3}
 45197 | Shoals:1 | XOM: summons 10 hostile demons
 45589 | D:13     | Noticed Urug
 45602 | D:13     | Killed Urug
 45816 | D:13     | Found a gate to the Vaults.
 45842 | D:13     | Learned a level 4 spell: Passage of Golubria
 45866 | D:13     | XOM: give mutations
 45866 | D:13     | Lost mutation: Your spells are a little harder to cast, but
                  | a little more powerful. [Xom's mischief]
 45866 | D:13     | Lost mutation: You are very clumsy. (Dex -4) [Xom's
                  | mischief]
 45897 | Vaults:1 | XOM: stealth player
 45897 | Vaults:1 | Entered Level 1 of the Vaults
 45969 | Vaults:1 | XOM: 1-stop teleportation journey
 45974 | Vaults:1 | XOM: confusion
 45984 | Vaults:1 | Paralysed by a great orb of eyes for 2 turns
 45985 | Vaults:1 | HP: 3/99 [deep troll[an ironbound preserver] (8)]
 46357 | Vaults:1 | Found Icei's Magic Scroll Shop.
 46362 | Vaults:1 | Bought a scroll of teleportation for 48 gold pieces
 46369 | Vaults:1 | XOM: noise
 46372 | Vaults:1 | XOM: polymorph dire elephant -> alligator snapping turtle
 46564 | Vaults:1 | XOM: enchant monster (bad)
 46737 | Vaults:1 | Learned a level 1 spell: Apportation
 46812 | Vaults:1 | XOM: summons 3 hostile demons
 46976 | Vaults:1 | XOM: give mutations
 46976 | Vaults:1 | Gained mutation: Your body sometimes deteriorates upon
                  | taking damage. [Xom's mischief]
 46976 | Vaults:1 | Lost mutation: You occasionally lose the ability to drink
                  | potions when taking damage. [Xom's mischief]
 47000 | Vaults:1 | XOM: give mutations
 47000 | Vaults:1 | Lost mutation: You are clumsy. (Dex -2) [Xom's mischief]
 47000 | Vaults:1 | Gained mutation: Your body often deteriorates upon taking
                  | damage. [Xom's mischief]
 47000 | Vaults:1 | Lost mutation: You passively map a small area around you.
                  | [Xom's mischief]
 47000 | Vaults:1 | Lost mutation: Your body often deteriorates upon taking
                  | damage. [Xom's mischief]
 47256 | Vaults:2 | XOM: confusion (+ monsters)
 47675 | Vaults:2 | Found Nasoos's Assorted Antiques.
 47689 | Vaults:2 | XOM: silly message
 47861 | Vaults:2 | Noticed a lich
 47861 | Vaults:2 | XOM: 4-stop teleportation journey
 47878 | Vaults:2 | HP: 1/99 [war gargoyle/+0 great mace[a peacekeeper] (49)]
 47879 | Vaults:2 | Killed from afar by a war gargoyle

Illustrated notes

Levels and vault maps discovered:
D:1:      scummos_arrival_star, layout_loops_ring
D:2:      layout_rooms, hellmonk_ecumenical_altar_crossroads, minmay_misc_feat_x
D:3:      layout_basic, serial_shops, shop, uniq_jessica
D:4:      layout_basic, minmay_temple_entry_glass, lexackson_kobold_supper,
          uniq_edmund, uniq_duvessa
D:5:      layout_cave_pods, nicolae_ossuary_entry_plus,
          minmay_misc_feat_enclosed
D:6:      layout_cave_pools, gammafunk_temple_overflow_wave, serial_shops, shop
D:7:      layout_basic, minmay_bent
D:8:      nicolae_cairo_tiling, layout_gridville, vehumet_crystals
D:9:      layout_small_grid, amcnicky_altar_gilded, minmay_orc_keep
D:10:     layout_basic, grunt_temple_overflow_open, lemuel_crystal_altar
D:11:     layout_gridville, serial_glass, glass_columns_a, glass_columns_a,
          glass_columns_b, glass_columns_a, glass_columns_a, glass_columns_a,
          glass_columns_b, glass_columns_a, item_on_display_a,
          minmay_strange_pillars, item_on_display_a, due_unseen_surprise,
          hellmonk_guarded_unrand_night
D:12:     layout_roguey [special_room_orc], david_orc_2
D:13:     layout_long_grid, david_vaults_1, uniq_urug
Temple:   hellmonk_temple_divided_pantheon
Lair:1:   layout_roguey, beast_lair_carwin_7, grunt_megastairs_4
Lair:2:   layout_concentric_octagons, minmay_shoals_entry_lonely_mermaid,
          evilmike_ambush [evilmike_ambush_outer_basic,
          evilmike_ambush_inner_basic], lemuel_fruit_fields,
          serial_bayou_shore_b
Lair:3:   layout_regular_city, minmay_snake_entry_guardpost_small
Lair:4:   layout_long_grid, nicolae_volcano_entry_hallway, beast_lair_carwin_6
Lair:5:   hangedman_lair_caniforms_friends, layout_regular_city,
          guppyfry_lair_end_dragon, nicolae_slime_entry_slimehenge,
          amcnicky_mini_pool_medium, serial_bayou_shore_a,
          infiniplex_staircase_pool_2
Shoals:1: layout_shoals, gammafunk_ghost_wrathful_warriors, uniq_jorgrun
Shoals:2: layout_shoals, nicolae_shoals_square_sea_wall,
          nicolae_shoals_lost_giant_baths, uniq_aizul, uniq_ilsuiw
Shoals:3: layout_shoals, nicolae_shoals_spectral_cove
Shoals:4: shoals_end_grunt_ice, layout_shoals, uniq_polyphemus
Snake:1:  layout_chambers, basic_altar, ebering_ghost_reflecting_pool,
          serial_shops, shop, fake_guardian_serpent_vault, minmay_shop_grove,
          uniq_agnes
Snake:2:  dpeg_oklob_gauntlet, layout_onion_interference,
          nicolae_shop_clearance, uniq_vashnia
Snake:3:  layout_misc_corridors
Snake:4:  snake_pit_salamanders_mu, layout_gridlike, special_room
Orc:1:    layout_diamond_mine, portal_ice_cave_demonic_guard, mines2_david
Orc:2:    hellmonk_orc_salted, layout_diamond_mine, serial_shops,
          nicolae_shop_overgrown_old_shop, elves_outpost_lemuel
Vaults:1: v_misc_17, nicolae_vaults_alarming, nicolae_vaults_little_squares_2,
          v_misc_27, grunt_vaults_funnel, v_misc_29, v_misc_16, v_misc_19,
          vaults_standard_mumra_x, v_misc_25, vaults_room_grid, serial_ice_b,
          layout_vaults_chaotic_city, serial_shops, nicolae_diamond_shop
Vaults:2: grunt_vaults_twisty, v_misc_24, grunt_vaults_swirl,
          hangedman_vaults_hard_town_square, nicolae_vaults_little_squares_1,
          nicolae_vaults_little_squares_4, vaults_mumra_lcd,
          nicolae_vaults_big_ls, vaults_room_pools, layout_vaults_maze_snakey,
          minmay_crypt_entry_nasty_monster

Skill      XL: |  1  2  3  4  5  6  7  8  9 10 11 12 13 14 15 16 17 18 19 |
---------------+----------------------------------------------------------+-----
Conjurations   | 2 3 4 5 7 8 9 10 11 12 | 12.5
Translocations | 2 3 4 5 6 |  6.6
Spellcasting   | 4 5 6 7 9 10 11 12 | 12.9
Poison Magic   | 1 2 3 |  3.0
Air Magic      | 1 2 3 4 6 7 |  7.5
Armour         | 1 |  1.0
Stealth        | 3 4 |  4.0
Short Blades   | 1 3 4 5 6 |  6.0
Fighting       | 1 3 4 6 8 9 10 11 12 13 14 15 | 15.2
Ice Magic      | 2 4 6 7 9 10 11 12 13 14 | 14.0
Evocations     | 3 5 8 10 11 | 11.9
Dodging        | 5 7 9 10 11 12 14 | 14.4
Staves         | 2 4 5 6 7 9 10 11 | 11.2
Summonings     | |  1.0

Action                   |  1- 3 |  4- 6 |  7- 9 | 10-12 | 13-15 | 16-18 | 19-21 || total
-------------------------+-------+-------+-------+-------+-------+-------+-------++-------
Melee: Dagger            |    42 |   118 |   275 |       |       |       |       ||   435
       Punch             |     1 |       |     4 |       |       |       |     1 ||     6
       Hand axe          |       |       |    12 |       |       |       |       ||    12
       Quarterstaff      |       |       |    71 |   273 |   954 |   493 |   174 ||  1965
       Kick              |       |       |       |     3 |       |       |       ||     3
       Quick blade       |       |       |       |       |    59 |    11 |    22 ||    92
Throw: Dart              |       |     5 |     2 |     8 |    18 |     4 |     1 ||    38
       Boomerang         |       |     1 |     1 |       |     2 |       |       ||     4
 Cast: Magic Dart        |    69 |    54 |    43 |    32 |    20 |     4 |       ||   222
       Call Imp          |     2 |     3 |     5 |     8 |     4 |     5 |     3 ||    30
       Mephitic Cloud    |       |    10 |    16 |    33 |    85 |    11 |       ||   155
       Blink             |       |       |     5 |     5 |     7 |     4 |     6 ||    27
       Frozen Ramparts   |       |       |    12 |    56 |    76 |    42 |     8 ||   194
       Freeze            |       |       |       |     3 |     5 |     2 |       ||    10
       Freezing Cloud    |       |       |       |       |    30 |   198 |    70 ||   298
       Iskenderun's Myst |       |       |       |       |     3 |   140 |   113 ||   256
       Apportation       |       |       |       |       |       |       |     4 ||     4
Evoke: Wand              |       |       |       |     3 |    10 |    16 |    14 ||    43
       Tin of tremorston |       |       |       |       |       |     2 |     2 ||     4
       Condenser vane    |       |       |       |       |       |     2 |     1 ||     3
       Box of beasts     |       |       |       |       |       |       |     2 ||     2
  Use: Scroll            |       |     4 |    11 |       |     6 |     7 |     9 ||    37
       Potion            |       |     1 |    10 |     3 |     6 |     1 |     4 ||    25
 Stab: Sleeping          |     2 |     4 |    17 |    10 |    20 |     6 |     4 ||    63
       Confused          |       |     7 |     7 |     7 |    45 |     6 |       ||    72
       Invisible         |       |     2 |     1 |       |     7 |       |       ||    10
       Paralysed         |       |       |       |     1 |     7 |       |       ||     8
       Distracted        |       |       |       |     1 |     7 |     1 |     1 ||    10
       Petrified         |       |       |       |       |       |     5 |       ||     5
       Petrifying        |       |       |       |       |       |     1 |       ||     1
Armor: Robe              |     7 |    23 |   116 |   113 |   319 |   179 |    94 ||   851
       Skin              |       |       |       |     2 |       |       |       ||     2
Dodge: Dodged            |    30 |    74 |   252 |   290 |   956 |   648 |   359 ||  2609

Table legend: (Time is in decaauts)
 A = Elapsed time spent in this place.
 B = Non-inter-level travel time spent in this place.
 C = Inter-level travel time spent in this place.
 D = Time resting spent in this place.
 E = Time spent auto-exploring this place.
 F = Levels seen in this place.
 G = Mean time per level.
                   A        B        C        D        E       F      G
               +--------+--------+--------+--------+--------+-----+--------+
         Total |  47929 |  45658 |   2271 |  13807 |  18346 |  35 | 1369.4 |
       Dungeon |  16220 |  15139 |   1081 |   2951 |   8761 |  13 | 1247.7 |
        Temple |     64 |     57 |      7 |      0 |      0 |   1 |   64.0 |
          Lair |   8314 |   7846 |    468 |   2336 |   3243 |   5 | 1662.8 |
        Shoals |   8555 |   8370 |    185 |   3412 |   2446 |   4 | 2138.8 |
     Snake Pit |   7974 |   7688 |    286 |   3022 |   2353 |   4 | 1993.5 |
  Orcish Mines |   2465 |   2223 |    242 |    506 |    778 |   2 | 1232.5 |
        Vaults |   1954 |   1954 |      0 |   1009 |    410 |   2 |  977.0 |
         Abyss |    463 |    463 |      0 |    179 |      0 |   1 |  463.0 |
       Ossuary |    527 |    527 |      0 |    119 |     19 |   1 |  527.0 |
      Ice Cave |   1149 |   1149 |      0 |    265 |    319 |   1 | 1149.0 |
       Volcano |    239 |    239 |      0 |      8 |     17 |   1 |  239.0 |
               +--------+--------+--------+--------+--------+-----+--------+

Top non-repeatable levels by time:
Shoals:4: 2939 daAuts
 Snake:4: 2708 daAuts
Shoals:1: 2342 daAuts
  Lair:5: 1988 daAuts
   Orc:2: 1980 daAuts
  Lair:1: 1951 daAuts
 Snake:3: 1902 daAuts
 Snake:1: 1833 daAuts
Shoals:3: 1798 daAuts
     D:1: 1787 daAuts
  Lair:3: 1766 daAuts
     D:3: 1743 daAuts
  Lair:2: 1686 daAuts
    D:10: 1637 daAuts
 Snake:2: 1530 daAuts
